 Dungeon Crawl Stone Soup version 0.18.1-5-g4a78601 (webtiles) character file.

85 Ingvold the Covered (level 4, -2/40 HPs)
             Began as a Minotaur Fighter on May 10, 2016.
             Slain by an orc wizard
             ... wielding a +0 dagger
              (3 damage)
             ... on level 2 of the Dungeon.
             The game lasted 00:06:30 (1538 turns).

Ingvold the Covered (Minotaur Fighter)              Turns: 1538, Time: 00:06:31

Health: -2/40      AC:  9    Str: 22    XL:     4   Next: 25%
Magic:  3/3        EV:  5    Int:  5    God:
Gold:   157        SH:  9    Dex:  9    Spells: 0 memorised, 3 levels left

rFire  . . .     SeeInvis .     a - +0 war axe
rCold  . . .     Gourm    .     l - +0 chain mail
rNeg   . . .     Faith    .     c - +0 shield
rPois  .         Spirit   .     (helmet restricted)
rElec  .         Dismiss  .     (no cloak)
rCorr  .         Reflect  .     (no gloves)
SustAt .         Harm     .     (no boots)
MR     .....                    (no amulet)
Stlth  ..........               (no ring)
                                (no ring)

@: flying, not resistant to hostile enchantments, extremely unstealthy
A: retaliatory headbutt, horns 2
a: no special abilities


You were on level 2 of the Dungeon.
You were not hungry.

You visited 1 branch of the dungeon, and saw 3 of its levels.

You collected 157 gold pieces.

Inventory:

Hand Weapons
 a - a +0 war axe (weapon)
Armour
 c - a +0 shield (worn)
 l - a +0 chain mail (worn)
Scrolls
 b - a scroll of immolation {unknown}
 e - a scroll of fear
 h - 2 scrolls of amnesia {unknown}
 i - a scroll of enchant weapon {unknown}
Potions
 d - a potion of might
 g - a potion of flight
 k - a potion of cure mutation
Comestibles
 f - 3 bread rations
 m - a slice of pizza
 n - a meat ration


   Skills:
 + Level 4.3 Fighting
 + Level 3.5 Axes
 + Level 4.4 Armour
 + Level 4.3 Shields


You had 3 spell levels left.
You didn't know any spells.

Dungeon Overview and Level Annotations

Branches:
Dungeon (3/15)

Altars:


Innate Abilities, Weirdness & Mutations

You reflexively headbutt those who attack you in melee.
You have a pair of horns on your head.


Message History

You bump into the rock wall.
Something hits you but does no damage.
You aren't carrying any items that you can evoke.
You closely miss something. Your headbutt misses something.
Something hits you but does no damage.
You miss something. Something hits you but does no damage. Something hits you.
* * * LOW HITPOINT WARNING * * *
You bump into the rock wall.
Something hits you but does no damage.
You bump into the rock wall.
You feel less confused. You block something's attack.
You closely miss something. Your headbutt misses something.
You hear some strange, mumbled words.
A puff of flame appears from out of thin air!
The puff of flame hits you!
* * * LOW HITPOINT WARNING * * *
You miss something. Your headbutt misses something.
Something hits you but does no damage.
Your chain mail prevents you from hitting something.
Something hits you but does no damage. Something hits you.
You die...

##..# #...# #...#
##...## #...# #.###
#.....## #...######.#
#......####..........#
#.....(.....#.######.#
##...#.######.######.###
#####.# #..........#
#.######.######.#.#
#.##@.........).#.###
#.##{###.########....
#.##)# #.......######
#....# #######.......
###### ########


There were no monsters in sight!

Vanquished Creatures
  3 adders (D:2)
  An ooze (D:3)
  A worm (D:2)
  4 giant geckos (D:2)
  3 orcs
  5 bats
  4 giant cockroaches
  5 goblins
  2 hobgoblins (D:2)
  4 jackals (D:2)
  A quokka (D:2)
  4 kobolds
  7 rats
44 creatures vanquished.

Notes
Turn   | Place    | Note
--------------------------------------------------------------
     0 | D:1      | Ingvold the Minotaur Fighter began the quest for the Orb.
     0 | D:1      | Reached XP level 1. HP: 19/19 MP: 0/0
   293 | D:1      | Reached XP level 2. HP: 27/27 MP: 1/1
   868 | D:2      | Reached XP level 3. HP: 29/33 MP: 2/2
  1374 | D:2      | Reached XP level 4. HP: 40/40 MP: 3/3
  1536 | D:2      | HP: 1/40 [something/puff of flame (4)]
  1538 | D:2      | Slain by an orc wizard

Skill      XL: |  1  2  3 |
---------------+----------+-----
Axes           | 3 |  3.5
Fighting       | 4 |  4.3
Armour         | 4 |  4.4
Shields        | 4 |  4.3

Action                   |  1- 3 |  4- 6 || total
-------------------------+-------+-------++-------
Melee: War axe           |   100 |    33 ||   133
       Headbutt          |    13 |     7 ||    20
  Use: Scroll            |     2 |       ||     2
       Potion            |       |     1 ||     1
  Eat: Chunk             |     2 |       ||     2
Armor: Scale mail        |    12 |       ||    12
       Chain mail        |    37 |    46 ||    83
Dodge: Dodged            |    26 |    10 ||    36
Block: Shield            |    60 |    25 ||    85
